 Dungeon Crawl Stone Soup version bcrawl-1.19.2-6-g6a88ae04c9 (webtiles) character file.

Game seed: 17797593081764836064

441 Mrkan the Slasher (level 6, -1/56 HPs)
             Began as a Minotaur Fighter on Jan 6, 2020.
             Killed by divine providence
             ... invoked by an orc priest
              (12 damage)
             ... on level 4 of the Dungeon.
             The game lasted 00:03:34 (2961 turns).

Mrkan the Slasher (Minotaur Fighter)                Turns: 2961, Time: 00:03:34

Health: -1/56      AC: 12    Str: 20    XL:     6   Next: 71%
Magic:  5/5        EV:  4    Int:  5    God:
Gold:   328        SH: 11    Dex: 12    Spells: 5/5 levels left

rFire    . . .     SeeInvis .   a - +0 long sword
rCold    . . .     Gourm    .   c - +0 shield
rNeg     . . .     Faith    .   p - +0 plate armour
rPois    .         Spirit   .   (helmet restricted)
rElec    .         Reflect  .   (no cloak)
rCorr    .         Harm     .   (no gloves)
MR       .....                  (no boots)
Stlth    ..........             (no amulet)
HPRegen  0.18/turn              (no ring)
MPRegen  0.09/turn              (no ring)

@: no status effects
A: retaliatory headbutt, horns 2
a: no special abilities


You were on level 4 of the Dungeon.
You were not hungry.

You visited 1 branch of the dungeon, and saw 4 of its levels.

You collected 328 gold pieces.

Inventory:

Hand Weapons
 a - a +0 long sword (weapon)
Armour
 c - a +0 shield (worn)
 p - a +0 plate armour (worn)
 r - the +1 robe of Context {Str+5, unknown}
   (You found it on level 4 of the Dungeon)

   It affects your strength (+5).
Jewellery
 i - an uncursed amulet of the acrobat {unknown}
 j - a cursed -3 ring of strength {unknown}
 k - an uncursed amulet of faith {unknown}
 w - an uncursed ring of wizardry {unknown}
Wands
 g - a wand of digging (10)
Scrolls
 l - a scroll of amnesia {unknown}
 n - 2 scrolls of teleportation {unknown}
 o - a scroll of immolation {unknown}
 v - a scroll of enchant armour {unknown}
 x - a scroll of enchant weapon {unknown}
Potions
 b - a potion of resistance {unknown}
 d - a potion of might
 e - 2 potions of heal wounds {unknown}
 h - a potion of brilliance {unknown}
 m - a potion of ambrosia {unknown}
 q - a potion of flight {unknown}
 s - a potion of curing {unknown}
 t - a potion of agility {unknown}
 z - a potion of haste {unknown}
Comestibles
 f - 11 rations {!d}
 u - 6 chunks of flesh


   Skills:
 + Level 5.2 Fighting
 * Level 5.8 Long Blades
 + Level 5.2 Armour
 + Level 5.2 Shields


You had 5 spell levels left.
You didn't know any spells.
Your spell library contained the following spells:

 Spells                   Type           Power        Failure   Level  Hunger
 Apportation              Tloc           #.....       100%        1    ##.....
 Infusion                 Chrm           #.......     100%        1    ##.....
 Sandblast                Erth           #.....       100%        1    ##.....
 Slow                     Hex            #.......     100%        1    ##.....
 Summon Butterflies       Summ           #.......     100%        1    ##.....


Dungeon Overview and Level Annotations

Branches:
Dungeon (4/12)
 Temple: D:4-7

Altars:
Vehumet


Innate Abilities, Weirdness & Mutations

You reflexively headbutt those who attack you in melee.
You have a pair of horns on your head.


Message History

You hit the orc but do no damage. Your headbutt misses the orc.
An ogre comes into view. It is wielding a +0 giant club.
The orc hits you with a +0 flail.
* * * LOW HITPOINT WARNING * * *
The ogre shouts!
You slash the orc!
You kill the orc!
You slash the adder!
The adder is almost dead.
You block the adder's attack. The adder bites you.
* * * LOW HITPOINT WARNING * * *
You closely miss the adder.
The adder is almost dead.
The adder barely misses you.
You hit the adder.
You kill the adder!
You completely miss the orc. Your headbutt misses the orc.
The orc priest mumbles some strange prayers to Beogh against you.
Beogh smites you!
You die...

######
......##############
...................##
................#..#
#............##...#
..........#.#...#
##......##.#.....
##.#....#.##......
#@#.#..#.#.#......
#....oo#.##..##.#÷....#.
........##....##.†....#.
.....O..................
......................#.
........##....##........
##$....# ##..##.#.......
#....# #..#.#.#....#.
#.... #....#.##......


You could see an ogre, an orc priest and an orc.

Vanquished Creatures
  An ogre (D:3)
  A bullfrog (D:3)
  A scorpion (D:4)
  A hound (D:4)
  2 orc wizards
  Natasha (D:4)
  3 adders
  An ooze (D:2)
  5 worms
  3 leopard geckos
  9 orcs
  3 giant cockroaches
  5 goblins
  13 hobgoblins
  3 jackals (D:4)
  9 kobolds
  A quokka (D:3)
  2 ball pythons
  5 bats
  2 frilled lizards (D:1)
  7 rats
78 creatures vanquished.

Notes
Turn   | Place    | Note
-------+----------+-------------------------------------------
     0 | D:1      | Mrkan the Minotaur Fighter began the quest for the Orb.
     0 | D:1      | Reached XP level 1. HP: 19/19 MP: 0/0
     6 | D:1      | Noticed a swamp worm
     6 | D:1      | Noticed a five-headed hydra
     6 | D:1      | Noticed an anaconda
     7 | D:1      | Noticed a polar bear
     7 | D:1      | Noticed a hound
   271 | D:1      | Reached XP level 2. HP: 26/27 MP: 1/1
   909 | D:2      | Reached XP level 3. HP: 26/33 MP: 2/2
  1107 | D:2      | Reached XP level 4. HP: 14/40 MP: 3/3
  1488 | D:2      | Found a radiant altar of Vehumet.
  1814 | D:3      | Noticed a bullfrog
  1843 | D:3      | Killed a bullfrog
  1843 | D:3      | Reached XP level 5. HP: 18/47 MP: 4/4
  1852 | D:3      | Noticed an ogre
  2036 | D:3      | Killed an ogre
  2036 | D:3      | Reached skill level 5 in Long Blades
  2036 | D:3      | Reached XP level 6. HP: 8/55 MP: 5/5
  2726 | D:4      | Reached skill level 5 in Fighting
  2738 | D:4      | Got a creamy pearl robe
  2808 | D:4      | Reached skill level 5 in Armour
  2808 | D:4      | Reached skill level 5 in Shields
  2837 | D:4      | Noticed Natasha
  2859 | D:4      | Killed Natasha
  2961 | D:4      | Killed from afar by an orc priest

Skill      XL: |  1  2  3  4  5  6 |
---------------+-------------------+-----
Long Blades    | 3 4 5 |  5.8
Fighting       | 4 5 |  5.2
Armour         | 4 5 |  5.2
Shields        | 4 5 |  5.2

Action                   |  1- 3 |  4- 6 || total
-------------------------+-------+-------++-------
Melee: Long sword        |    78 |   161 ||   239
       Headbutt          |    12 |    27 ||    39
  Eat: Chunk             |     1 |     6 ||     7
Armor: Scale mail        |    22 |    13 ||    35
       Plate armour      |       |    64 ||    64
Dodge: Dodged            |    22 |    19 ||    41
Block: Shield            |    39 |    88 ||   127
